Map: Frozen Temple

Players

Stats

  • Race: Protoss Protoss

ByuN - Winner!

  • Race: Terran Terran

Event: 2016 WCS Global Finals

VOD

Have the link to the VOD?

Description

Time

  • Played on: Nov. 5, 2016, 4:01 p.m.
  • Length: 9:52

All games in this series

Show
View Real Time Build Order
Export as new Build Order

Stats Protoss 

Build Orders: 1 Gate Expand, Oracle Opening 

Get SALT Encoding   

  12  0:00  Probe (Chrono Boost)  
  13  0:11  Probe (Chrono Boost)  
  14  0:18  Pylon  
  14  0:21  Probe (Chrono Boost)  
  15  0:36  Gateway, Probe (Chrono Boost)  
  15  0:41  Assimilator  
  16  0:47  Probe (Chrono Boost)  
  17  0:57  Probe (Chrono Boost)  
  18  1:08  Probe (Chrono Boost)  
  19  1:18  Nexus  
  19  1:27  Cybernetics Core  
  19  1:31  Probe (Chrono Boost)  
  20  1:36  Assimilator  
  20  1:42  Probe (Chrono Boost)  
  20  1:45  Pylon  
  21  1:52  Probe (Chrono Boost)  
  22  2:00  Adept  
  22  2:04  Probe (Chrono Boost), Warp Gate  
  26  2:16  Probe (Chrono Boost)  
  26  2:21  Stargate  
  26  2:23  Adept  
  26  2:28  Probe (Chrono Boost)  
  29  2:30  Probe (Chrono Boost)  
  30  2:40  Probe (Chrono Boost)  
  30  2:41  Probe (Chrono Boost)  
  32  2:48  Adept  
  35  2:51  Probe (Chrono Boost)  
  35  2:52  Probe (Chrono Boost)  
  36  2:59  Oracle  
  36  3:02  Probe (Chrono Boost)  
  36  3:05  Probe (Chrono Boost)  
  42  3:13  Probe (Chrono Boost)  
  42  3:14  Pylon  
  42  3:17  Probe (Chrono Boost)  
  43  3:23  Probe (Chrono Boost)  
  44  3:29  Gateway x2, Probe (Chrono Boost)  
  46  3:34  Probe (Chrono Boost)  
  46  3:36  Void Ray  
  46  3:41  Probe (Chrono Boost)  
  47  3:45  Probe (Chrono Boost)  
  52  3:48  Pylon  
  52  3:53  Probe (Chrono Boost)  
  53  4:24  Probe (Chrono Boost)  
  53  4:25  Probe (Chrono Boost)  
  53  4:38  Adept, Probe (Chrono Boost), Void Ray  
  56  4:39  Probe (Chrono Boost)  
  56  4:40  Nexus  
  60  4:52  Probe (Chrono Boost)  
  60  4:54  Probe (Chrono Boost)  
  60  4:58  Adept  
  62  5:10  Pylon  
  62  5:11  Pylon  
  60  5:22  Void Ray  
  60  5:29  Adept  
  60  5:30  Adept x2  
  64  5:43  Probe (Chrono Boost)  
  64  5:45  Probe (Chrono Boost)  
  64  5:49  Pylon  
  66  5:51  Pylon  
  66  5:56  Pylon  
  58  5:59  Adept x3  
  58  6:03  Void Ray  
  58  6:04  Probe (Chrono Boost)  
  59  6:06  Probe (Chrono Boost)  
  59  6:08  Pylon  
  59  6:10  Pylon  
  56  6:22  Adept x3  
  51  6:39  Pylon  
  52  6:40  Probe (Chrono Boost)  
  52  6:44  Stalker x3  
  56  7:03  Probe (Chrono Boost)  
  53  7:10  Adept x3  
  53  7:13  Probe (Chrono Boost)  
  61  7:15  Probe (Chrono Boost)  
  61  7:26  Nexus  
  61  7:28  Nexus, Probe (Chrono Boost)  
  62  7:33  Void Ray  
  62  7:36  Probe (Chrono Boost)  
  67  7:45  Assimilator  
  67  7:47  Assimilator  
  69  7:51  Probe (Chrono Boost)  
  69  7:53  Probe (Chrono Boost)  
  69  7:55  Sentry  
  69  7:56  Adept  
  73  8:04  Pylon  
  73  8:11  Pylon  
  73  8:12  Twilight Council  
  73  8:13  Gateway  
  73  8:14  Gateway  
  73  8:17  Probe (Chrono Boost)  
  73  8:18  Probe (Chrono Boost)  
  75  8:21  Adept  
  75  8:24  Sentry  
  77  8:35  Sentry  
  79  8:43  Gateway  
  79  8:45  Gateway  
  79  8:53  Adept  
  79  8:54  Adept  
  83  8:58  Probe (Chrono Boost)  
  83  9:00  Adept, Probe x2 (Chrono Boost)  
  88  9:04  Forge  
  88  9:13  Adept x2  
  88  9:14  Adept x2  
  96  9:22  Adept  
  100  9:24  Mothership Core (Chrono Boost)  
  100  9:29  Pylon x2  
  98  9:36  Adept x3  
  98  9:37  Adept  
  56  9:48  Adept x2  
Show
View Real Time Build Order
Export as new Build Order

ByuN Terran - Winner!

Build Orders: Liberator Opening, Reaper Expand 

Get SALT Encoding   

  12  0:00  SCV  
  13  0:12  SCV  
  14  0:17  Supply Depot  
  14  0:24  SCV  
  15  0:29  Refinery  
  15  0:39  SCV  
  16  0:44  Barracks  
  16  0:51  SCV  
  17  1:03  SCV  
  18  1:15  SCV  
  19  1:30  Orbital Command  
  19  1:31  Reaper  
  20  1:46  Command Center  
  20  1:56  Factory  
  20  2:00  SCV  
  21  2:07  Barracks Reactor  
  21  2:09  Supply Depot  
  21  2:13  SCV  
  22  2:17  Refinery  
  22  2:25  SCV  
  23  2:38  SCV  
  23  2:43  Starport  
  24  2:44  Marine x2  
  24  2:48  Widow Mine  
  24  2:50  SCV  
  29  2:57  Orbital Command  
  29  3:02  Marine x2  
  29  3:03  SCV  
  32  3:15  SCV  
  33  3:20  Marine x2  
  33  3:21  Widow Mine  
  33  3:22  Medivac  
  38  3:30  Engineering Bay  
  39  3:35  SCV x2, Liberator  
  39  3:37  Marine x2  
  42  3:41  Supply Depot  
  42  3:50  Factory Tech Lab  
  42  3:55  Marine  
  45  3:57  Missile Turret  
  45  3:58  Marine  
  45  4:09  Cyclone  
  48  4:16  SCV x2  
  50  4:23  Marine  
  50  4:24  Marine  
  49  4:29  Mag-Field Accelerator  
  49  4:35  SCV x2  
  49  4:38  Missile Turret  
  51  4:40  Supply Depot  
  53  4:45  Cyclone  
  53  4:47  Marine  
  54  5:01  Missile Turret  
  54  5:02  Viking, SCV, Marine  
  54  5:04  SCV  
  59  5:09  Marine  
  60  5:20  Marine  
  61  5:21  Missile Turret  
  61  5:25  Supply Depot  
  61  5:32  SCV  
  61  5:35  SCV  
  61  5:38  Barracks  
  61  5:39  Supply Depot  
  61  5:41  Marine x2  
  62  5:46  SCV  
  62  5:47  SCV, Cyclone  
  62  5:48  Barracks  
  66  5:52  Missile Turret  
  62  5:59  Marine x2  
  64  6:05  SCV x2  
  64  6:11  Terran Infantry Weapons Level 1  
  66  6:18  Marine x2  
  66  6:23  SCV x2  
  63  6:33  Barracks Tech Lab  
  63  6:34  Barracks  
  63  6:35  SCV x2  
  63  6:36  Marine x2  
  63  6:37  Barracks  
  67  6:40  Refinery  
  67  6:43  Bunker  
  67  6:47  SCV x2  
  67  6:54  Marine x2  
  67  6:59  SCV x2, Cyclone  
  67  7:06  Marine  
  67  7:07  Barracks Tech Lab, Stimpack  
  68  7:10  Medivac  
  68  7:12  Marine x2  
  68  7:15  SCV x2  
  74  7:22  Starport, Supply Depot x2  
  74  7:26  Barracks Reactor, Barracks Tech Lab  
  76  7:31  Supply Depot  
  76  7:34  Marauder  
  76  7:35  Marauder  
  78  7:40  SCV x2  
  78  7:43  Combat Shields  
  80  7:45  Medivac  
  80  7:55  Marauder  
  80  7:56  Marauder x2  
  80  7:58  Marine x2  
  86  8:04  Refinery  
  88  8:05  Starport Reactor  
  88  8:06  Marine x2  
  90  8:17  Marauder x2  
  90  8:18  Marauder, Marine x2  
  98  8:21  Missile Turret  
  98  8:34  Marine x2  
  98  8:37  Marine x2  
  98  8:39  Marauder x3  
  108  8:42  Concussive Shells  
  108  8:53  Command Center  
  108  8:56  Marine x2  
  108  9:01  Supply Depot  
  110  9:20  Supply Depot  
  110  9:21  Supply Depot  
  110  9:22  Marine x7  
Tags
 
Add a new tag
Caveats
  • Supply blocks, unpowered buildings, or Contaminate may cause inaccurate times.
  • Supply counts are checked every 10 seconds.